 Dungeon Crawl Stone Soup version 0.28.0-53-g5a82cb258f (console) character file.

Game seed: 16364680532632655724

73360 erker the Transmogrifier (level 15, -16/117 HPs)
             Began as an Octopode Earth Elementalist on July 12, 2022.
             Was an Initiate of Gozag.
             Demolished by a titanic slime creature (92 damage)
             ... on level 13 of the Dungeon.
             The game lasted 02:12:49 (26374 turns).

erker the Transmogrifier (OpEE)                    Turns: 26374, Time: 02:12:50

Health: -16/117    AC: 30    Str: 11    XL:     15   Next: 43%
Magic:  25/35      EV: 21    Int: 43    God:    Gozag
Gold:   3467       SH:  0    Dex: 18    Spells: 5/29 levels left

rFire   . . .      SeeInvis .     - Unarmed
rCold   + . .      Faith    .   (no shield)
rNeg    + . .      Spirit   .   (helmet restricted)
rPois   ∞          Reflect  .   v - amulet of regeneration
rElec   +          Harm     .   k - +4 ring of evasion
rCorr   .          Rampage  .   s - ring of Royalty {rPois Str+3}
Will    +....                   O - ring of magical power
Stlth   +++++.....              G - +6 ring of dexterity
HPRegen 1.09/turn               U - +6 ring of intelligence
MPRegen 0.24/turn               m - +6 ring of intelligence
                                X - ring of protection from cold
                                o - +6 ring of intelligence

@: statue-form, very slow
A: slow and powerful, torment resistance 1, boosted hp, almost no armour,
amphibious, 8 rings, camouflage 1, (gelatinous body 1), (nimble swimmer 1),
tentacles
a: End Transformation, Renounce Religion, Potion Petition, Call Merchant, Bribe
Branch


You were on level 13 of the Dungeon.
You worshipped Gozag.
Gozag was most pleased with you.
You were a living statue of rough stone.
You visited 4 branches of the dungeon, and saw 22 of its levels.
You also visited: Bailey.

You collected 5464 gold pieces.
You paid 1997 gold pieces to Gozag.

Inventory:

Hand Weapons
 a - a +4 dagger
Missiles
 t - 485 stones
 y - 17 poisoned darts
 B - a throwing net
 D - 21 curare-tipped darts
 E - 4 datura-tipped darts
 F - 4 atropa-tipped darts
Magical Staves
 A - a staff of air
Jewellery
 k - a +4 ring of evasion (left tentacle)
 m - a +6 ring of intelligence (on tentacle)
 o - a +6 ring of intelligence (on tentacle)
 s - the ring of Royalty (right tentacle) {rPois Str+3}
   (You found it on level 5 of the Dungeon)

   [ring of poison resistance]

   Str:       It affects your strength (+3).
   rPois:     It protects you from poison.
 v - an amulet of regeneration (around mantle)
 G - a +6 ring of dexterity (on tentacle)
 O - a ring of magical power (on tentacle)
 S - a ring of resist corrosion
 U - a +6 ring of intelligence (on tentacle)
 X - a ring of protection from cold (on tentacle)
 Z - a ring of fire
Wands
 z - a wand of acid (10)
 J - a wand of mindburst (15)
 N - a wand of digging (5)
 R - a wand of iceblast (16)
 V - a wand of charming (2)
Scrolls
 b - a scroll of brand weapon {unknown}
 c - 5 scrolls of fog
 d - a scroll of enchant weapon {unknown}
 f - 3 scrolls of blinking
 j - 11 scrolls of teleportation
 p - 5 scrolls of fear
 r - 2 scrolls of identify
 u - 2 scrolls of amnesia {unknown}
 C - 2 scrolls of noise {unknown}
 H - a scroll of holy word {unknown}
 K - a scroll of enchant armour {unknown}
 M - 5 scrolls of vulnerability
 T - a scroll of summoning
 W - a scroll of torment {unknown}
Potions
 e - 4 potions of curing
 g - 2 potions of magic
 h - 7 potions of brilliance
 i - 4 potions of heal wounds
 l - 2 potions of resistance
 n - 3 potions of ambrosia
 q - 2 potions of invisibility {unknown}
 w - 3 potions of mutation
 x - 3 potions of cancellation
 I - 3 potions of attraction
 P - 2 potions of flight {unknown}
 Q - 3 potions of haste
 Y - a potion of experience
Miscellaneous
 L - a condenser vane (inert)


   Skills:
 - Level 4.0 Fighting
 - Level 4.0 Short Blades
 - Level 8.0 Dodging
 - Level 8.0 Stealth
 + Level 11.7 Unarmed Combat
 - Level 7.9 Spellcasting
 - Level 4.0 Summonings
 - Level 13.4 Transmutations
 * Level 10.0 Air Magic
 - Level 12.0 Earth Magic


You had 5 spell levels left.
You knew the following spells:

 Your Spells              Type           Power      Damage    Failure   Level
a - Sandblast             Erth           100%       2d20      0%          1
b - Storm Form            Tmut/Air       43%        N/A       12%         7
l - Summon Lightning Spi  Summ/Air       67%        N/A       1%          4
p - Petrify               Tmut/Erth      90%        N/A       1%          4
s - Statue Form           Tmut/Erth      60%        N/A       1%          6
w - Passwall              Tmut/Erth      75%        N/A       0%          2

Your spell library contained the following spells:

 Spells                   Type           Power      Damage    Failure   Level
 Beastly Appendage        Tmut           100%       N/A       0%          1
 Wereblood                Tmut           93%        N/A       0%          2
 Animate Skeleton         Necr           32%        N/A       1%          1
 Pain                     Necr           64%        1d7       1%          1
 Spider Form              Tmut/Pois      65%        N/A       1%          3
 Stone Arrow              Conj/Erth      100%       3d13      1%          3
 Swiftness                Air            81%        N/A       1%          3
 Ensorcelled Hibernation  Hex/Ice        32%        N/A       2%          2
 Summon Guardian Golem    Hex/Summ       34%        N/A       2%          3
 Gell's Gravitas          Tloc           16%        N/A       5%          3
 Lesser Beckoning         Tloc           16%        N/A       5%          3
 Teleport Other           Tloc           16%        N/A       5%          3
 Vampiric Draining        Necr           16%        2d7       5%          3
 Anguish                  Hex/Necr       8%         N/A       19%         4
 Metabolic Englaciation   Hex/Ice        8%         N/A       45%         5
 Maxwell's Capacitive Co  Air            40%        ∞         88%         8
 Dispersal                Tloc           8%         N/A       95%         6
 Malign Gateway           Summ/Tloc      17%        N/A       100%        7
 Orb of Destruction       Conj           8%         9d6       100%        7
 Spellforged Servitor     Conj/Summ      17%        N/A       100%        7
 Summon Horrible Things   Summ           25%        N/A       100%        8


Dungeon Overview and Level Annotations

Branches:
Dungeon (14/15)            Temple (1/1) D:5            Lair (6/6) D:8
 Shoals (0/4) Lair:2       Spider (1/4) Lair:4        Slime (0/5) Lair:6
 Bailey (visited)
    Orc: D:9-12      Vaults: D:13-14

Altars:
Ashenzari
Cheibriados
Dithmenos
Elyvilon
Fedhas
Gozag
Hepliaklqana
Kikubaaqudgha
Makhleb
Nemelex Xobeh
Okawaru
Qazlal
Ru
Sif Muna
Trog
Uskayaw
Vehumet
Wu Jian
Xom
Yredelemnul
Zin
The Shining One
Beogh
Jiyva

Shops:
Lair:6 =[

Annotations:
D:13 3 runed translucent doors, Wucidum's ghost, novice DDFi
Lair:2 2 transporters, SHADDY's ghost, journeyman DsFi
Lair:3 2 transporters, exclusion: ice statue, SHADDY's ghost, journeyman DsFi
Lair:6 3 runed translucent doors, exclusion: oklob plant, Flogoulo's ghost, journeyman TrCK
Spider:1 Louise


Innate Abilities, Weirdness & Mutations

You are a living statue of rough stone.
Your actions are slow, but your melee attacks are powerful.
You are resistant to unholy torment.
Your maximum health is greatly increased.
You are immune to poison.
You cannot wear most types of armour.
You are amphibious.
You can wear up to eight rings at the same time.
Your skin changes colour to match your surroundings (Stealth+).
((Your rubbery body absorbs attacks. (AC +1, EV +1)))
((You are camouflaged when in or above water. (Stealth+)))
You have tentacles for arms and can constrict up to eight enemies at once.


Message History

You climb upwards.
The titanic slime creature misses you.
A titanic slime creature splits.
There is a stone staircase leading down here.
There are monsters nearby!
The very large slime creature hits you!!
The large slime creature completely misses you.
You climb downwards.
Level annotation: 3 runed translucent doors, Wucidum's ghost, novice DDFi
There is a stone staircase leading up here.
Casting: Summon Lightning Spire (mildly dangerous; 1% risk of failure)
Confirm with . or Enter, or press ? or * to list all spells.
You turn into a living statue of rough stone.
A very large slime creature splits.
The large slime creature misses you.
Casting: Statue Form (dangerous; 1% risk of failure)
Confirm with . or Enter, or press ? or * to list all spells.
An electric hum fills the air.
The large slime creature misses you. The slime creature barely misses you.
The large slime creature completely misses you.
A large slime creature splits.
Two slime creatures merge to form a very large slime creature.
The slime creature completely misses you.
The slime creature hits you but does no damage.
The slime creature hits your lightning spire but does no damage.
The slime creature hits your lightning spire!
Two slime creatures merge to form an enormous slime creature.
Two slime creatures merge to form a titanic slime creature.
There is an open door here.
Your lightning spire shoots out a bolt of lightning at the titanic slime creature!
The bolt of electricity hits the titanic slime creature!!
Casting: Summon Lightning Spire (mildly dangerous; 1% risk of failure)
Confirm with . or Enter, or press ? or * to list all spells.
Aiming: Passwall (safe; 0% risk of failure)
Press: ? - help, Dir - move target A rock wall.
The titanic slime creature hits you!
You begin to meditate on the wall.
You continue meditating on the rock.
The titanic slime creature hits you!!!!
Ouch! That really hurt!
You die...
Your body crumbles into a pile of gold.

#################################
.................................
##..............#..#....#...#....
##..##..#...#...#................
..................######.........
###'########'######.<..#.##..#...
....##..........8#.....#.......[#
....##...........J8....#.^......#
.#######################.........
.######## ####......#####...
.#......# #..#......#..#####
.###.##.###### ##.#.....<#..#≈≈≈≈
.###.##.#....# #.#......#'##≈...
.....##.#.##.# #.#....(.#..#≈.##
.....##.#....####.#......#..'..#[


You could see a titanic slime creature (ally target) and a friendly lightning
spire (summoned).

Vanquished Creatures
  Nessos (Lair:5)
  A dire elephant (Lair:6)
  A boulder beetle (D:14)
  8 hydras
  2 death knights (D:10)
  A catoblepas (Lair:3)
  4 two-headed ogres
  14 death yaks
  A steelbarb worm (Spider:1)
  Pikel (D:6)
  2 deep elf pyromancers
  An orc knight (Bailey)
  3 cyclopes (D:13)
  2 ugly things
  A moth of wrath (Spider:1)
  The ghost of NiggerDarts the Firebug, a novice HuFE (D:5)
  4 manticores
  26 elephants
  7 black mambas
  9 cane toads
  An unseen horror (D:11)
  5 komodo dragons
  A tengu conjurer (D:13)
  5 rime drakes
  A meliai (Spider:1)
  9 trolls
  A tarantella (Spider:1)
  19 blink frogs
  3 polar bears
  11 slime creatures
  A raiju (shapeshifter) (D:9)
  A meliai zombie (D:11)
  2 culicivoras (Spider:1)
  6 wyverns
  A vampire (D:11)
  A wraith (D:11)
  5 redbacks
  A basilisk (shapeshifter) (D:13)
  30 yaks
  7 basilisks
  6 vampire mosquitoes
  22 water moccasins
  16 orc warriors
  4 ice beasts
  4 ogres
  5 black bears
  A sky beast (D:8)
  16 wolves
  5 centaurs
  Blork the orc (D:6)
  8 kobold brigands
  A wyvern zombie (D:6)
  9 bullfrogs
  4 gnoll sergeants
  A scorpion (D:5)
  A water moccasin zombie (D:5)
  A water moccasin skeleton (D:5)
  5 wights (D:6)
  6 killer bees
  8 howler monkeys
  A centaur zombie (D:7)
  2 bullfrog skeletons (D:7)
  2 hounds
  2 jellies
  Crazy Yiuf (D:6)
  8 orc priests
  5 iguanas
  4 orc wizards
  A killer bee zombie (D:8)
  A hound skeleton (D:4)
  22 gnolls
  6 adders
  A white imp (D:8)
  2 worms
  3 dart slugs
  42 orcs
  7 endoplasms
  4 giant cockroaches
  3 goblins (D:1)
  6 hobgoblins
  2 jackals (D:3)
  21 kobolds
  2 quokkas
  6 ball pythons
  4 bats
  2 rats
485 creatures vanquished.

Vanquished Creatures (collateral kills)
  A catoblepas (Lair:6)
  A two-headed ogre (D:10)
  A deep troll shaman (Lair:6)
  A death yak (Lair:6)
  An elephant (Lair:6)
  The ghost of coenern the Abyss-Baptised, a novice DsAK of Lugonu (D:5)
  2 meliai (Spider:1)
  2 blink frogs (Lair:6)
  A tarantella (Spider:1)
  A yak (D:10)
12 creatures vanquished.

Vanquished Creatures (others)
  A yak (D:9)
  An orc wizard (D:12)
  35 fungi
  43 plants
80 creatures vanquished.

Grand Total: 577 creatures vanquished

Notes
Turn   | Place    | Note
-------+----------+-------------------------------------------
     0 | D:1      | erker the Octopode Earth Elementalist began the quest for
                  | the Orb.
     0 | D:1      | Reached XP level 1. HP: 11/11 MP: 3/3
   291 | D:1      | Reached XP level 2. HP: 17/17 MP: 5/5
   294 | D:1      | Learned a level 2 spell: Passwall
   513 | D:1      | Found a faded altar of an unknown god.
   718 | D:1      | Reached skill level 1 in Short Blades
  1152 | D:2      | Reached XP level 3. HP: 21/21 MP: 6/6
  1422 | D:2      | Found a shimmering blue altar of Sif Muna.
  1601 | D:3      | Reached XP level 4. HP: 26/27 MP: 7/7
  2247 | D:3      | Reached skill level 2 in Transmutations
  2252 | D:3      | Reached XP level 5. HP: 26/31 MP: 2/8
  2565 | D:3      | Reached skill level 3 in Transmutations
  2871 | D:4      | Noticed an ogre
  2900 | D:4      | Noticed a water moccasin
  2942 | D:4      | Reached skill level 4 in Transmutations
  2942 | D:4      | Reached XP level 6. HP: 10/36 MP: 4/9
  3410 | D:5      | Entered Level 5 of the Dungeon
  3469 | D:5      | Noticed an orc warrior
  3488 | D:5      | Found a staircase to the Ecumenical Temple.
  3497 | Temple   | Entered the Ecumenical Temple
  4353 | D:5      | Noticed an ice beast
  4371 | D:5      | Killed an ice beast
  4372 | D:5      | Reached skill level 5 in Earth Magic
  4388 | D:5      | Found a runed translucent gate.
  4388 | D:5      | Found a runed translucent gate.
  4388 | D:5      | Found a runed translucent gate.
  4388 | D:5      | Noticed coenern's ghost (novice DsAK)
  4389 | D:5      | Noticed NiggerDarts's ghost (novice HuFE)
  4733 | D:5      | Reached XP level 7. HP: 41/41 MP: 5/10
  5006 | D:5      | Learned a level 4 spell: Petrify
  5349 | D:5      | Identified the ring of Royalty {rPois Str+3}
  5438 | D:5      | Reached skill level 5 in Transmutations
  6153 | D:6      | Found a hazy altar of Hepliaklqana.
  6252 | D:6      | Noticed Blork the orc
  6358 | D:6      | Reached skill level 6 in Transmutations
  6413 | D:6      | Reached XP level 8. HP: 46/46 MP: 2/13
  6528 | D:6      | Killed Blork the orc
  7097 | D:6      | Found a runed translucent door.
  7098 | D:6      | Noticed Crazy Yiuf
  7105 | D:6      | Killed Crazy Yiuf
  7251 | D:6      | Noticed Pikel
  7259 | D:6      | Killed Pikel
  7260 | D:6      | Reached skill level 7 in Transmutations
  7260 | D:6      | Reached XP level 9. HP: 34/51 MP: 11/15
  7489 | D:6      | Reached skill level 8 in Transmutations
  7985 | D:7      | Reached skill level 5 in Stealth
  8163 | D:7      | Found a snail-covered altar of Cheibriados.
  8574 | D:8      | Found a staircase to the Lair.
  9049 | D:8      | Reached XP level 10. HP: 56/56 MP: 11/16
  9371 | D:8      | Reached skill level 10 in Earth Magic
 10123 | D:5      | Reached skill level 9 in Transmutations
 10744 | D:9      | Found a flagged portal.
 10768 | D:9      | Noticed a two-headed ogre
 10782 | Bailey   | Entered a bailey
 10891 | Bailey   | Identified the +0 leather armour of Greater Demons {Harm
                  | *Corrode Str+4}
 10920 | Bailey   | Reached skill level 10 in Transmutations
 11028 | Bailey   | Noticed an orc knight
 11067 | Bailey   | Killed an orc knight
 11102 | Bailey   | Found an iron altar of Okawaru.
 11232 | D:9      | Reached skill level 5 in Dodging
 11430 | D:9      | Noticed a manticore
 11441 | D:9      | Killed a manticore
 11442 | D:9      | Reached XP level 11. HP: 25/61 MP: 14/17
 11499 | D:9      | Reached skill level 5 in Spellcasting
 11626 | D:9      | Found an opulent altar of Gozag.
 11628 | D:9      | Found a glowing golden altar of the Shining One.
 11642 | D:9      | Became a worshipper of Gozag Ym Sagoz the Greedy
 11749 | D:9      | Learned a level 6 spell: Statue Form
 11805 | D:9      | Killed a two-headed ogre
 12085 | D:9      | Identified the +1 robe "Ebuisent" {rN+ Will+}
 12112 | D:10     | Entered Level 10 of the Dungeon
 13205 | D:10     | Noticed a two-headed ogre
 13642 | D:10     | Killed a two-headed ogre
 13790 | D:10     | Noticed a deep elf pyromancer
 14174 | D:12     | Noticed a manticore
 14184 | D:12     | Killed a manticore
 14233 | D:12     | Reached skill level 11 in Transmutations
 14314 | D:11     | Noticed a red ugly thing
 14542 | Lair:1   | Entered Level 1 of the Lair of Beasts
 14634 | Lair:1   | Noticed a four-headed hydra
 14647 | Lair:1   | Killed a four-headed hydra
 14808 | Lair:1   | Reached XP level 12. HP: 66/66 MP: 21/21
 14970 | Lair:1   | Reached skill level 12 in Transmutations
 15072 | Lair:1   | Reached skill level 1 in Unarmed Combat
 15244 | Lair:1   | Identified the +0 pair of gloves "Wus Feri" {rN+ rCorr}
 15885 | Lair:2   | Found a transporter.
 15887 | Lair:2   | Found a transporter.
 15893 | Lair:2   | Found a bloodstained altar of Trog.
 16063 | Lair:2   | Found a staircase to the Shoals.
 16118 | Lair:2   | Reached skill level 5 in Unarmed Combat
 16337 | Lair:2   | Noticed SHADDY's ghost (journeyman DsFi)
 16686 | Lair:3   | Noticed SHADDY's ghost (journeyman DsFi)
 16687 | Lair:3   | Noticed a death yak
 16819 | Lair:3   | Found a transporter.
 16834 | Lair:3   | Found a transporter.
 16894 | Lair:3   | Reached skill level 1 in Fighting
 16952 | Lair:3   | Noticed a catoblepas
 17000 | Lair:3   | Killed a catoblepas
 17005 | Lair:3   | Reached XP level 13. HP: 63/74 MP: 22/22
 18182 | Lair:4   | Found a hole to the Spider Nest.
 18652 | Lair:4   | Identified the +5 spear of Inaag {freeze, rN+ rCorr}
 19252 | Lair:5   | Reached skill level 13 in Transmutations
 19347 | Lair:5   | Noticed Nessos
 19605 | Lair:5   | Found a blossoming altar of Fedhas.
 19737 | Lair:5   | Reached XP level 14. HP: 85/85 MP: 25/25
 20181 | Lair:5   | Killed Nessos
 20182 | Lair:5   | Reached skill level 10 in Unarmed Combat
 20549 | Lair:5   | Identified a scroll of acquirement
 20563 | Lair:6   | Entered Level 6 of the Lair of Beasts
 20599 | Lair:6   | Acquired a book of the Sky
 20609 | Lair:6   | Learned a level 7 spell: Storm Form
 20618 | Lair:6   | Reached skill level 1 in Air Magic
 20625 | Lair:6   | Noticed a dire elephant
 21001 | Lair:6   | Learned a level 4 spell: Summon Lightning Spire
 21023 | Lair:6   | Reached skill level 1 in Summonings
 21061 | Lair:6   | Identified the +9 whip "Vixyx" {flame, Str+2 Dex+6}
 21090 | Lair:6   | Found a hide-covered altar of Uskayaw.
 21101 | Lair:6   | Killed a dire elephant
 21102 | Lair:6   | Reached skill level 5 in Air Magic
 21282 | Lair:6   | Noticed Flogoulo's ghost (journeyman TrCK)
 21302 | Lair:6   | Found a runed translucent gate.
 21302 | Lair:6   | Found a runed translucent gate.
 21302 | Lair:6   | Found a runed translucent gate.
 21839 | Lair:6   | Found a viscous altar of Jiyva.
 21839 | Lair:6   | Found a staircase to the Slime Pits.
 22373 | Spider:1 | Entered Level 1 of the Spider Nest
 22477 | Spider:1 | HP: 1/85 [culicivora (24)]
 22630 | Spider:1 | Noticed Louise
 22874 | D:5      | Killed coenern's ghost
 22877 | D:5      | Killed NiggerDarts's ghost
 23198 | D:10     | Reached XP level 15. HP: 90/90 MP: 25/26
 23875 | D:11     | Identified the +3 war axe "Feogeclo" {drain, rElec rF++ rC-
                  | SInv}
 24588 | D:13     | Identified the +11 rapier of the Orb {protect, rC++ Int-3
                  | Stlth+}
 25058 | D:13     | Found a runed translucent gate.
 25059 | D:13     | Found a runed translucent gate.
 25063 | D:13     | Found a runed translucent gate.
 25063 | D:13     | Noticed an azure jelly
 25136 | D:13     | Noticed an azure jelly
 25136 | D:13     | Noticed Wucidum's ghost (novice DDFi)
 25137 | D:13     | Noticed an azure jelly
 25139 | D:13     | Noticed an azure jelly
 25140 | D:13     | Noticed an azure jelly
 25542 | D:13     | Reached skill level 10 in Air Magic
 25546 | D:13     | Identified the +0 chain mail of the Eight of Swords {-Cast
                  | Fly rCorr}
 25782 | D:13     | Found a viscous altar of Jiyva.
 26374 | D:13     | Demolished by a titanic slime creature

Illustrated notes

Levels and vault maps discovered:
D:1:      dpeg_arrival_arbitrary_b, layout_basic,
          shapermc_ecumenical_altar_venn, minmay_misc_feat_tower
D:2:      layout_rooms, basic_altar
D:3:      layout_loops_cross, grunt_decor_arrowhead
D:4:      layout_cave_pools
D:5:      layout_gridville, minmay_temple_entry_statues_fountains,
          gammafunk_ghost_cemetery
D:6:      black_bear_nest_2, layout_rooms, mainiacjoe_overflow_surrounded_room,
          nicolae_grassy_gnolls, uniq_pikel, uniq_blork_the_orc,
          uniq_crazy_yiuf_cottage
D:7:      layout_loops_ring, lemuel_round_altar
D:8:      minmay_angry_zag, layout_loops_ring, dpeg_oklobed_lair
D:9:      layout_irregular_city, nicolae_overflow_hidden_temple, enter_bailey_8,
          minmay_three_doors
D:10:     minmay_chambers_of_sevens, layout_layer_cave
D:11:     layout_roguey [special_room_orc]
D:12:     layout_rooms, zombieorc1_lemuel, gammafunk_ghost_spectres,
          minmay_fractal_squares_5
D:13:     layout_stronghold, gammafunk_ghost_ooze, kennysheep_generic_room_7
D:14:     layout_loops_corners, david_vaults_1, grunt_decor_clamped,
          minmay_misc_feat_five
Temple:   dpeg_five_rooms_temple
Lair:1:   layout_long_grid, st_stairs_11, beast_lair_carwin_10
Lair:2:   layout_gridlike, elwin_shoals_entry_rocks,
          gammafunk_ghost_wrathful_warriors, grunt_megastairs_3
Lair:3:   layout_hall_layers, nzn_ghost_randoct, infiniplex_staircase_pool_2
Lair:4:   layout_regular_city, spider_nest_entry_webs
Lair:5:   layout_cave_pods, basic_altar, nicolae_lair_grazing_beasts
          [nicolae_sub_lair_graze_edge, nicolae_sub_lair_graze_edge,
          nicolae_sub_lair_graze_edge, nicolae_sub_lair_graze_edge],
          lemuel_fruit_fields, grunt_megastairs_2, uniq_nessos
Lair:6:   grunt_lair_end_beastmaster, layout_regular_city,
          dpeg_slime_entry_enclosed_altar, gammafunk_ghost_hydra_chop,
          lemuel_oklob_altar
Spider:1: layout_cave_pods, nicolae_spider_twisty_arc_passages, uniq_donald,
          uniq_louise

Skill      XL: |  1  2  3  4  5  6  7  8  9 10 11 12 13 14 15 |
---------------+----------------------------------------------+-----
Stealth        | 3 4 6 8 |  8.0
Short Blades   | 1 2 4 |  4.0
Earth Magic    | 4 5 6 8 9 10 11 12 | 12.0
Transmutations | 2 4 6 7 8 10 11 12 13 | 13.4
Spellcasting   | 3 4 6 7 |  7.9
Dodging        | 6 7 8 |  8.0
Unarmed Combat | 7 9 10 11 | 11.7
Fighting       | 1 4 |  4.0
Air Magic      | 7 10 | 10.0
Summonings     | 4 |  4.0

Action                   |  1- 3 |  4- 6 |  7- 9 | 10-12 | 13-15 || total
-------------------------+-------+-------+-------+-------+-------++-------
Melee: Unarmed           |     7 |       |       |    50 |   585 ||   642
       Short sword       |    40 |    65 |       |       |       ||   105
       Constrict         |    13 |    12 |    24 |    68 |    65 ||   182
       Tentacles         |    11 |    14 |    34 |   136 |   211 ||   406
       Dagger            |       |     7 |   123 |   421 |    40 ||   591
       Punch             |       |       |     3 |    16 |    71 ||    90
Throw: Stone             |       |     1 |     2 |     4 |       ||     7
       Dart              |       |       |       |    14 |     4 ||    18
       Throwing net      |       |       |       |     1 |       ||     1
 Cast: Sandblast         |    19 |    38 |    51 |    88 |     9 ||   205
       Passwall          |       |     7 |    17 |    10 |    11 ||    45
       Petrify           |       |       |    24 |    49 |     4 ||    77
       Statue Form       |       |       |       |    15 |    59 ||    74
       Summon Lightning  |       |       |       |       |    23 ||    23
Invok: Potion Petition   |       |       |       |     1 |       ||     1
       Call Merchant     |       |       |       |       |     2 ||     2
 Abil: End Transformatio |       |       |       |       |     1 ||     1
Evoke: Wand              |       |       |       |     1 |     7 ||     8
       Condenser vane    |       |       |       |       |     1 ||     1
  Use: Scroll            |       |       |       |    13 |    11 ||    24
       Potion            |       |       |       |       |     6 ||     6
 Stab: Sleeping          |     9 |    10 |    13 |     8 |    17 ||    57
       Petrified         |       |       |    35 |    80 |     5 ||   120
       Petrifying        |       |       |     1 |     4 |     2 ||     7
       Distracted        |       |       |       |     5 |     5 ||    10
       Confused          |       |       |       |       |     3 ||     3
Armor: Skin              |     5 |     1 |     6 |   158 |   439 ||   609
Dodge: Dodged            |    32 |    45 |    74 |   434 |   799 ||  1384
